 Dungeon Crawl Stone Soup version 0.23-a0-635-g88ca12a7de (webtiles) character file.

65 Maize the Chopper (level 3, -6/33 HPs)
             Began as a Minotaur Berserker on Dec 27, 2018.
             Was a Believer of Trog.
             Mangled by a goblin
             ... wielding a +1 dagger of electrocution
              (20 damage)
             ... on level 2 of the Dungeon.
             The game lasted 00:01:40 (1169 turns).

Maize the Chopper (Minotaur Berserker)              Turns: 1169, Time: 00:01:41

Health: -6/33      AC:  9    Str: 22    XL:     3   Next: 92%
Magic:  2/2        EV:  8    Int:  4    God:    Trog [**....]
Gold:   39         SH:  0    Dex:  9    Spells: 2/2 levels left

rFire    . . .     SeeInvis .   a - +0 hand axe
rCold    . . .     Gourm    .   (no shield)
rNeg     . . .     Faith    .   j - +0 chain mail (curse)
rPois    .         Spirit   .   (helmet restricted)
rElec    .         Reflect  .   (no cloak)
rCorr    .         Harm     .   (no gloves)
MR       .....                  (no boots)
Stlth    ..........             (no amulet)
HPRegen  0.11/turn              (no ring)
MPRegen  0.08/turn              (no ring)

@: no status effects
A: retaliatory headbutt, horns 2
a: Berserk, Trog's Hand, Renounce Religion


You were on level 2 of the Dungeon.
You worshipped Trog.
Trog was pleased with you.
You were not hungry.

You visited 1 branch of the dungeon, and saw 2 of its levels.

You collected 39 gold pieces.

Inventory:

Hand Weapons
 a - a +0 hand axe (weapon)
Missiles
 b - 4 tomahawks (quivered)
Armour
 i - a +0 chain mail
 j - a cursed +0 chain mail (worn)
Scrolls
 d - 3 scrolls of identify {unknown}
 e - 3 scrolls of teleportation {unknown}
Potions
 f - a potion of curing {unknown}
 h - a potion of degeneration {unknown}
Comestibles
 c - 5 rations
 g - a chunk of flesh


   Skills:
 + Level 4.2 Fighting
 * Level 4.9 Axes
 + Level 3.3 Armour
 - Level 2.1 Dodging


You had 2 spell levels left.
You didn't know any spells.
Your spell library was empty.

Dungeon Overview and Level Annotations

Branches:
Dungeon (2/15)

Altars:


Innate Abilities, Weirdness & Mutations

You reflexively headbutt those who attack you in melee.
You have a pair of horns on your head.


Message History

You butcher the bat corpse.
g - 5 chunks of flesh (gained 1)
You see here a bat skeleton. x2
Some of the chunks of flesh in your inventory have rotted away.
You see here a bat skeleton.
A goblin comes into view.
It is wielding a +1 dagger of electrocution.
The goblin shouts!
Found a curved copper wand.
The goblin hits you but does no damage.
You are electrocuted!
Ouch! That really hurt!
* * * LOW HITPOINT WARNING * * *
You are too injured to fight recklessly!
You are too injured to fight recklessly!
You are too injured to fight recklessly!
You are too injured to fight recklessly!
You hit the goblin.
The goblin is severely wounded.
The goblin hits you but does no damage.
You are electrocuted!
Ouch! That really hurt!
You die...

#.# .........# #..
..../....# ###
.........# #
.........# #######
.........# #......
....%....## #.#####
......g...# #.#
.......@..# #.# ###
..........##### #.#
#..
#.#...........####.#
#.#
#.......###......#
#.# #.#...#.#
######## #.#
.........# #.#
########### #.# #..
##.


You could see a goblin.

Vanquished Creatures
  Natasha (D:2)
  An adder (D:2)
  A dart slug (D:1)
  A leopard gecko (D:2)
  A ball python (D:1)
  6 bats
  6 goblins
  3 hobgoblins
  A frilled lizard (D:2)
  A jackal zombie (D:1)
  3 kobolds
  A quokka zombie (D:1)
  5 rats
31 creatures vanquished.

Notes
Turn   | Place    | Note
-------+----------+-------------------------------------------
     0 | D:1      | Maize the Minotaur Berserker began the quest for the Orb.
     0 | D:1      | Reached XP level 1. HP: 19/19 MP: 0/0
   138 | D:1      | Reached XP level 2. HP: 20/27 MP: 1/1
   820 | D:2      | Noticed Natasha
   823 | D:2      | Killed Natasha
   823 | D:2      | Reached XP level 3. HP: 33/33 MP: 2/2
  1057 | D:2      | Reached ** piety under Trog
  1169 | D:2      | Mangled by a goblin

Vault maps used:
D:1:      saegor_arrival_fortress
D:2:      minivault_14, uniq_natasha, uniq_robin

Skill      XL: |  1  2 |
---------------+-------+-----
Axes           | 4 |  4.9
Fighting       | 4 |  4.2
Armour         | 3 |  3.3
Dodging        | |  2.1

Action                   || total
-------------------------++-------
Melee: Hand axe          ||    65
       Headbutt          ||     6
  Eat: Chunk             ||     1
Armor: Animal skin       ||     5
       Chain mail        ||    15
Dodge: Dodged            ||    28

Table legend:
 A = Non-vault XP
 B = Vault XP
 C = Vault XP percentage of total XP
 D = Non-vault monster count
 E = Vault monster count
 F = Vault count percentage of total count
                 A         B        C        D         E       F
            +---------+---------+-------+---------+---------+-------
      Total |      58 |      35 |  37.6 |      28 |       3 |   9.7
            +---------+---------+-------+---------+---------+-------
        D:1 |      26 |       2 |   7.1 |      15 |       2 |  11.8
        D:2 |      32 |      33 |  50.8 |      13 |       1 |   7.1
            +---------+---------+-------+---------+---------+-------
